 Dungeon Crawl Stone Soup version 0.23.0-3-gf3c87f2 (webtiles) character file.

Game seed: 7691819288792501420

3633 ABBCCCDDDD the Fighter (level 10, 0/90 HPs)
             Began as a Ghoul Warper on Feb 21, 2019.
             Was a Priest of Qazlal.
             Slain by a basilisk (7 damage)
             ... while petrified by a basilisk
             ... on level 8 of the Dungeon.
             The game lasted 00:17:15 (6763 turns).

ABBCCCDDDD the Fighter (Ghoul Warper)               Turns: 6763, Time: 00:17:15

Health: 0/90       AC: 11    Str: 19    XL:     10   Next: 11%
Magic:  13/13      EV:  2    Int:  8    God:    Qazlal [***...]
Gold:   463        SH:  0    Dex:  8    Spells: 12/12 levels left

rFire    . . .     SeeInvis +     - Unarmed
rCold    + + .     Gourm    .   t - +0 buckler
rNeg     + + +     Faith    .   v - +0 chain mail
rPois    ∞         Spirit   .   r - +0 helmet
rElec    .         Reflect  .   (no cloak)
rCorr    .         Harm     .   y - +0 pair of gloves
MR       .....                  (no boots)
Stlth    ..........             w - macabre finger necklace {rN+}
HPRegen  0.00/turn              q - ring of protection from cold
MPRegen  0.13/turn              j - ring of see invisible
                                z - +3 ring of evasion

@: petrified, rotting
A: rotting body, claws 1, carnivore, cold resistance 1, negative energy
resistance 3, inhibited regeneration, torment resistance, unbreathing
a: Upheaval, Elemental Force, Renounce Religion


You were on level 8 of the Dungeon.
You worshipped Qazlal.
Qazlal was most pleased with you.
You were not hungry.

You visited 2 branches of the dungeon, and saw 10 of its levels.

You collected 463 gold pieces.

Inventory:

Missiles
 d - 5 tomahawks of dispersal (quivered)
Armour
 r - a +0 helmet (worn)
 t - a +0 buckler (worn)
 v - a +0 chain mail (worn)
 y - a +0 pair of gloves (worn)
Jewellery
 j - a ring of see invisible (right hand)
 q - a ring of protection from cold (left hand)
 w - the macabre finger necklace (around neck) {rN+}
   (You found it on level 4 of the Dungeon)

   [amulet of nothing]

   It protects you from negative energy.
 z - a +3 ring of evasion (on amulet)
Scrolls
 b - a scroll of magic mapping
 c - 2 scrolls of blinking
 e - 2 scrolls of enchant weapon
 k - 9 scrolls of teleportation {unknown}
 l - 2 scrolls of remove curse
 o - 2 scrolls of enchant armour
 s - 3 scrolls of fog {unknown}
 u - 2 scrolls of immolation {unknown}
Potions
 a - a potion of invisibility
 h - 4 potions of curing
 n - 4 potions of agility
 p - a potion of heal wounds
 x - a potion of magic
Comestibles
 f - 21 rations


   Skills:
 + Level 8.9 Fighting
 - Level 0.8 Throwing
 + Level 3.3 Armour
 + Level 3.7 Dodging
 - Level 4.0 Shields
 + Level 8.9 Unarmed Combat
 - Level 1.7 Spellcasting
   Level 2.6 Translocations
 - Level 5.6 Invocations


You had 12 spell levels left.
You didn't know any spells.
Your spell library contained the following spells:

 Spells                   Type           Power        Failure   Level  Hunger
 Blink                    Tloc           N/A          91%         2    ###....
 Shroud of Golubria       Chrm/Tloc      #.........   98%         2    ###....
 Gell's Gravitas          Tloc           #.........   99%         3    ####...
 Lesser Beckoning         Tloc           #.........   99%         3    ####...
 Teleport Other           Tloc           #.......     99%         3    ####...
 Passage of Golubria      Tloc           N/A          100%        4    #####..


Dungeon Overview and Level Annotations

Branches:
Dungeon (9/15)             Temple (1/1) D:4
   Lair: D:8-11         Orc: D:9-12

Altars:
Ashenzari
Cheibriados
Dithmenos
Elyvilon
Fedhas
Gozag
Hepliaklqana
Kikubaaqudgha
Makhleb
Nemelex Xobeh
Okawaru
Qazlal
Ru
Sif Muna
Trog
Uskayaw
Vehumet
Yredelemnul
Zin

Shops:
D:5 %

Annotations:
D:3 1 runed translucent door, p0werm0de's ghost, weakling SpCK
D:7 2 transporters


Innate Abilities, Weirdness & Mutations

Your body is rotting away.
You thrive on raw meat.
You are immune to poison.
You have sharp fingernails.
You are carnivorous and can eat meat at any time.
Your flesh is cold resistant. (rC+)
You are immune to negative energy. (rN+++)
You do not regenerate when monsters are visible.
You are immune to unholy pain and torment.
You can survive without breathing.


Message History

You are slowing down.
You hit the basilisk but do no damage.
The basilisk is severely wounded.
The basilisk bites you but does no damage.
Your limbs are stiffening.
You completely miss the basilisk.
The basilisk is severely wounded.
The basilisk bites you!
* * * LOW HITPOINT WARNING * * *
The basilisk bites you!
* * * LOW HITPOINT WARNING * * *
You have turned to stone.
The basilisk gazes at you. The basilisk bites you.
* * * LOW HITPOINT WARNING * * *
The basilisk bites you!
* * * LOW HITPOINT WARNING * * *
The basilisk bites you but does no damage.
The basilisk bites you!
You die...

#.# ##..#.#
##'####...#.#
#.....#.....#
#.....#.....# .
#.....####).####...
#.....'...÷(.......
#.....#####>...#...
######.......#.#
#######@#####.#'#
#.....☼.l..# .. .
#..........# ... .
#..........# ......
#...###+#.........
#...###.#.####.....
#..)'...#.#..
#..)#####....
#..#F###(.÷........#


You could see a basilisk.

Vanquished Creatures
  Duvessa (D:7)
  3 porcupines (D:8)
  A sky beast (D:7)
  A black bear (D:8)
  2 orc warriors
  A phantom (D:6)
  A wolf (D:8)
  4 centaurs
  3 crocodiles (D:8)
  An ogre (D:8)
  4 bullfrogs
  2 scorpions
  Dowan (D:7)
  A wight (D:9)
  5 killer bees (D:8)
  3 crimson imps
  2 bullfrog zombies (D:5)
  A centaur skeleton (D:7)
  A centaur zombie (D:8)
  5 orc priests
  A gnoll shaman (D:5)
  6 hounds
  2 bullfrog skeletons
  9 orc wizards
  3 iguanas
  A hound skeleton (D:4)
  A worker ant zombie (D:7)
  A howler monkey zombie (D:6)
  Robin (D:3)
  7 gnolls
  9 adders
  3 shadow imps (D:6)
  2 oozes
  An adder skeleton (D:4)
  An adder zombie (D:6)
  A worm (D:3)
  A dart slug (D:1)
  3 leopard geckos
  28 orcs
  7 bats
  7 giant cockroaches
  12 goblins
  14 hobgoblins
  18 jackals
  4 quokkas
  2 ball pythons (D:3)
  7 frilled lizards
  9 kobolds
  A leopard gecko skeleton (D:4)
  8 rats
213 creatures vanquished.

Vanquished Creatures (collateral kills)
  A wight (D:9)
  A howler monkey (D:9)
  A centaur zombie (D:9)
3 creatures vanquished.

Vanquished Creatures (others)
  A plant (D:8)
1 creature vanquished.

Grand Total: 217 creatures vanquished

Notes
Turn   | Place    | Note
-------+----------+-------------------------------------------
     0 | D:1      | ABBCCCDDDD the Ghoul Warper began the quest for the Orb.
     0 | D:1      | Reached XP level 1. HP: 17/17 MP: 2/2
   180 | D:1      | Reached XP level 2. HP: 24/24 MP: 3/3
   746 | D:1      | Reached XP level 3. HP: 26/31 MP: 4/4
  1600 | D:2      | Reached XP level 4. HP: 32/38 MP: 5/5
  2342 | D:3      | Noticed Robin
  2394 | D:3      | Killed Robin
  2400 | D:3      | Reached XP level 5. HP: 30/46 MP: 6/6
  2480 | D:3      | Found a runed translucent door.
  2484 | D:3      | Noticed p0werm0de's ghost (weakling SpCK)
  3141 | D:4      | Found a staircase to the Ecumenical Temple.
  3146 | Temple   | Entered the Ecumenical Temple
  3201 | Temple   | Became a worshipper of Qazlal Stormbringer
  3442 | D:4      | Reached skill level 1 in Shields
  3474 | D:4      | Reached XP level 6. HP: 55/55 MP: 7/7
  3489 | D:4      | Reached skill level 5 in Unarmed Combat
  3524 | D:4      | Reached skill level 5 in Fighting
  3664 | D:4      | Found the macabre finger necklace {rN+}
  3668 | D:4      | Reached * piety under Qazlal
  3922 | D:4      | Found a burning altar of Makhleb.
  3922 | D:4      | Noticed a cacodemon
  3925 | D:4      | Noticed a hellwing
  3925 | D:4      | Noticed a ynoxinul
  3995 | D:5      | Entered Level 5 of the Dungeon
  4049 | D:5      | Reached XP level 7. HP: 48/61 MP: 8/8
  4060 | D:5      | Reached skill level 1 in Invocations
  4273 | D:5      | Found a bloodstained altar of Trog.
  4293 | D:5      | Reached ** piety under Qazlal
  4300 | D:5      | Found a hide-covered altar of Uskayaw.
  4304 | D:5      | Found a shadowy altar of Dithmenos.
  4701 | D:5      | Reached XP level 8. HP: 66/70 MP: 9/9
  4877 | D:5      | Found Lotzooj's Food Emporium.
  5415 | D:6      | Found a glowing silver altar of Zin.
  5662 | D:7      | Reached *** piety under Qazlal
  5707 | D:7      | Found a transporter.
  5710 | D:7      | Noticed a hornet
  5712 | D:7      | Noticed a wyvern
  5714 | D:7      | Noticed a centaur warrior
  5755 | D:7      | Noticed Dowan
  5762 | D:7      | Noticed Duvessa
  5785 | D:7      | Killed Dowan
  5789 | D:7      | Killed Duvessa
  5789 | D:7      | Reached XP level 9. HP: 51/79 MP: 11/11
  5911 | D:7      | Found an iron altar of Okawaru.
  5926 | D:7      | Reached skill level 5 in Invocations
  5972 | D:7      | Found a transporter.
  6115 | D:7      | Found a hide-covered altar of Uskayaw.
  6132 | D:7      | Found a radiant altar of Vehumet.
  6133 | D:7      | Found a burning altar of Makhleb.
  6411 | D:8      | Reached skill level 1 in Armour
  6638 | D:9      | Reached XP level 10. HP: 33/90 MP: 13/13
  6763 | D:8      | Slain by a basilisk

Skill      XL: |  1  2  3  4  5  6  7  8  9 |
---------------+----------------------------+-----
Unarmed Combat | 3 4 5 6 7 8 |  8.9
Fighting       | 3 4 5 6 7 8 |  8.9
Shields        | 1 2 3 4 |  4.0
Invocations    | 2 4 5 |  5.6
Armour         | 3 |  3.3
Dodging        | 3 |  3.7
Throwing       | |  0.8
Spellcasting   | |  1.7
Translocations | |  2.6

Action                   |  1- 3 |  4- 6 |  7- 9 | 10-12 || total
-------------------------+-------+-------+-------+-------++-------
Melee: Unarmed           |   112 |   285 |   528 |    29 ||   954
       Punch             |       |     3 |       |       ||     3
Invok: Elemental Force   |       |       |       |     1 ||     1
  Use: Scroll            |       |       |    14 |       ||    14
       Potion            |       |       |       |     1 ||     1
  Eat: Chunk             |     9 |    42 |    64 |     2 ||   117
Armor: Leather armour    |    21 |    67 |       |       ||    88
       Chain mail        |       |    23 |   222 |    20 ||   265
Dodge: Dodged            |    50 |   132 |   143 |    18 ||   343
Block: Buckler           |       |    11 |   168 |    15 ||   194
